 Dungeon Crawl Stone Soup version 0.18.1-48-g4cf74bf (console) character file.

123 Gottschkopf the Magician (level 4, -6/24 HPs)
             Began as a Deep Elf Ice Elementalist on Aug 4, 2016.
             Mangled by rastmirit's ghost (17 damage)
             ... on level 3 of the Dungeon.
             The game lasted 00:14:17 (2551 turns).

Gottschkopf the Magician (DEIE)                     Turns: 2551, Time: 00:14:18

Health: -6/24      AC:  3    Str:  5    XL:     4   Next: 79%
Magic:  13/14      EV:  8    Int: 21    God:
Gold:   212        SH:  5    Dex: 15    Spells: 4 memorised, 5 levels left

rFire  + . .     SeeInvis .     k - +0 dagger
rCold  . . .     Gourm    .     a - +0 robe
rNeg   . . .     Faith    .     (no shield)
rPois  .         Spirit   .     (no helmet)
rElec  .         Dismiss  .     (no cloak)
rCorr  .         Reflect  +     (no gloves)
SustAt .         Harm     .     y - +0 pair of boots
MR     .....                    h - +5 amulet of reflection
Stlth  ++........               (no ring)
                                x - ring of protection from fire

@: not resistant to hostile enchantments, unstealthy
A: no striking features
a: no special abilities


You were on level 3 of the Dungeon.
You were not hungry.

You visited 1 branch of the dungeon, and saw 3 of its levels.

You collected 212 gold pieces.

Inventory:

Hand Weapons
 k - a +0 dagger (weapon)
Armour
 a - a +0 robe (worn)
 y - a +0 pair of boots (worn)
Jewellery
 h - a +5 amulet of reflection (around neck)
 x - a ring of protection from fire (left hand)
Scrolls
 d - a scroll of teleportation {unknown}
 f - 2 scrolls of enchant armour {unknown}
 g - a scroll of amnesia {unknown}
 l - 2 scrolls of remove curse {unknown}
 n - 4 scrolls of identify {unknown}
 o - 2 scrolls of random uselessness {unknown}
 p - 2 scrolls of enchant weapon {unknown}
 s - 2 scrolls of immolation {unknown}
 t - a scroll of magic mapping {unknown}
 v - 2 scrolls of fog {unknown}
Potions
 e - 3 potions of heal wounds {unknown}
 i - a potion of flight {unknown}
 q - a potion of might {unknown}
 w - a potion of degeneration {unknown}
 z - 2 potions of curing {unknown}
Books
 b - a book of Frost

   Spells                             Type                      Level
   a - Freeze                         Ice                          1
   b - Throw Frost                    Conjuration/Ice              2
   c - Ozocubu's Armour               Charms/Ice                   3
   d - Throw Icicle                   Conjuration/Ice              4
   e - Summon Ice Beast               Ice/Summoning                4
Comestibles
 c - 4 bread rations
 j - 2 meat rations
 m - 3 chunks of flesh
 r - a slice of pizza
 u - 3 fruits


   Skills:
 - Level 2.4 Dodging
 - Level 2.4 Stealth
 - Level 6.4 Spellcasting
 - Level 1.1 Conjurations
 + Level 3.8 Ice Magic


You had 5 spell levels left.
You knew the following spells:

 Your Spells              Type           Power        Failure   Level  Hunger
a - Freeze                Ice            ###.         1%          1    None
b - Throw Frost           Conj/Ice       ###...       6%          2    None
c - Ozocubu's Armour      Chrm/Ice       ##......     14%         3    #......
d - Throw Icicle          Conj/Ice       ###.....     34%         4    ###....


Dungeon Overview and Level Annotations

Branches:
Dungeon (3/15)

Altars:
Cheibriados
Dithmenos

Annotations:
D:3 rastmirit's ghost, amateur MiFi


Message History

You see here a spear.
Rastmirit's ghost hits you!!
Ouch! That really hurt!
* * * LOW HITPOINT WARNING * * *
Read which item? (? for menu, Esc to quit)
Okay, then.
Rastmirit's ghost hits you but does no damage.
Rastmirit's ghost shouts, "You must not succeed where I failed!"
Rastmirit's ghost closely misses you.
Your icy armour starts to melt.
Your icy armour evaporates.
You block rastmirit's ghost's attack.
Rastmirit's ghost whispers, "Meet the emptiness of death!"
Things that are here:
a flail; an orc skeleton Rastmirit's ghost shouts, "Do you think the gods will protect you?"
There is a stone staircase leading up here.
Rastmirit's ghost hits you!
Ouch! That really hurt!
You die...

#.....# #..........#
#.....#.#.#'##(#+#.#
#####.#.#.#.##)# #.#####
#.#.#.#.##)# #......
#)#.#.#.##.# #######
#.#.#.#.##.# #.#.#.#.##.#
#.#.#.#.##.# #######
#.#@....##.# ......#
#.#W#<#....#
..###.########.#.#.#.####
#............#.#.#<.....#
#####.######.#.#.#.#.#.##
......# #...#.#.#....#
################.#.######
...........).....#........
################.#########


You could see rastmirit's ghost.

Vanquished Creatures
  An orc priest (D:3)
  2 adders (D:3)
  2 oozes
  A worm (D:2)
  2 dart slugs
  7 orcs (D:3)
  3 giant cockroaches (D:1)
  2 goblins
  5 hobgoblins
  6 kobolds
  A quokka (D:3)
  6 bats
  4 giant newts
  17 rats
59 creatures vanquished.

Notes
Turn   | Place    | Note
--------------------------------------------------------------
     0 | D:1      | Gottschkopf the Deep Elf Ice Elementalist began the quest for the Orb.
     0 | D:1      | Reached XP level 1. HP: 10/10 MP: 6/6
   264 | D:1      | Reached XP level 2. HP: 13/15 MP: 1/8
   268 | D:1      | Learned a level 2 spell: Throw Frost
   285 | D:1      | Reached skill level 4 in Spellcasting
   760 | D:1      | Reached XP level 3. HP: 17/19 MP: 9/11
   765 | D:1      | Learned a level 3 spell: Ozocubu's Armour
  1081 | D:2      | Reached skill level 5 in Spellcasting
  1303 | D:2      | Found a shadowy altar of Dithmenos.
  1618 | D:3      | Found a snail-covered altar of Cheibriados.
  1855 | D:3      | Reached skill level 6 in Spellcasting
  1855 | D:3      | Reached XP level 4. HP: 5/24 MP: 0/14
  1881 | D:3      | Learned a level 4 spell: Throw Icicle
  2240 | D:3      | Noticed rastmirit's ghost (amateur MiFi)
  2283 | D:3      | Found a faded altar to an unknown god.
  2551 | D:3      | Mangled by rastmirit's ghost

Skill      XL: |  1  2  3 |
---------------+----------+-----
Spellcasting   | 4 6 |  6.4
Dodging        | |  2.4
Stealth        | |  2.4
Conjurations   | |  1.1
Ice Magic      | |  3.8

Action                   |  1- 3 |  4- 6 || total
-------------------------+-------+-------++-------
Melee: Dagger            |     9 |     1 ||    10
 Cast: Freeze            |    69 |    24 ||    93
       Throw Frost       |     6 |       ||     6
       Ozocubu's Armour  |     1 |     3 ||     4
       Throw Icicle      |       |     2 ||     2
 Stab: Sleeping          |       |     1 ||     1
  Eat: Chunk             |     3 |     2 ||     5
Armor: Robe              |    10 |     8 ||    18
Dodge: Dodged            |    30 |    17 ||    47
Block: Other             |       |     8 ||     8
